 Dungeon Crawl Stone Soup version 0.28.0-43-g3370ac3207 (webtiles) character file.

Game seed: 17492986537626838855

92 jimonade the Scratcher (level 4, -6/19 HPs)
             Began as a Felid Transmuter on Mar 12, 2022.
             Was an Initiate of Wu Jian.
             Mangled by an ogre
             ... wielding a +0 giant spiked club
              (25 damage)
             ... on level 4 of the Dungeon.
             The game lasted 00:23:28 (5306 turns).

jimonade the Scratcher (Felid Transmuter)           Turns: 5306, Time: 00:23:29

Health: -6/19      AC:  2    Str:  6    XL:     4   Next: 35%
Magic:  6/9        EV: 22    Int: 15    God:    Wu Jian [......]
Gold:   40         SH:  5    Dex: 23    Spells: 4/8 levels left
                                        Lives:  0   Deaths: 1

rFire   . . .      SeeInvis +     - Unarmed
rCold   . . .      Faith    .   (shield unavailable)
rNeg    . . .      Spirit   .   (armour unavailable)
rPois   x          Reflect  +   (helmet unavailable)
rElec   .          Harm     .   (cloak unavailable)
rCorr   .          Rampage  .   (gloves unavailable)
Will    .....                   (boots unavailable)
Stlth   ++........              k - amulet of reflection
HPRegen 0.06/turn               (no ring)
MPRegen 0.11/turn               (no ring)

@: spider-form
A: venomous fangs, tiny, (claws 1), (fangs 3), see invisible, (speed 1), (shaggy
fur 1), (stealthy paws), no weapons or thrown items, no armour, multi-lived
a: End Transformation, Renounce Religion


You were on level 4 of the Dungeon.
You worshipped Wu Jian.
Wu Jian was noncommittal.
You were a venomous arachnid creature.
You visited 1 branch of the dungeon, and saw 4 of its levels.

You collected 90 gold pieces.
You spent 50 gold pieces at shops.

Inventory:

Hand Weapons
 e - a +0 whip of draining
 o - a +1 rapier of protection
Missiles
 b - 173 stones
 n - 4 poisoned darts
 q - 19 sling bullets
 r - 13 arrows
 s - 21 bolts
Armour
 p - a +2 animal skin
Jewellery
 k - an amulet of reflection (around neck)
Wands
 m - a wand of polymorph (14)
Scrolls
 c - a scroll of summoning {unknown}
 h - 5 scrolls of identify {unknown}
 i - 2 scrolls of fog {unknown}
 l - a scroll of noise {unknown}
 t - a scroll of immolation {unknown}
 u - a scroll of silence {unknown}
Potions
 a - a potion of curing
 d - 2 potions of lignification {unknown}
 f - a potion of invisibility {unknown}
 g - a potion of heal wounds
 j - a potion of attraction {unknown}


   Skills:
 * Level 2.1 Fighting
 * Level 3.7 Dodging
 * Level 4.6 Unarmed Combat
 + Level 2.7 Spellcasting
 + Level 2.9 Transmutations


You had 4 spell levels left.
You knew the following spells:

 Your Spells              Type           Power      Damage    Failure   Level
a - Beastly Appendage     Tmut           20%        N/A       17%         1
b - Spider Form           Tmut/Pois      6%         N/A       54%         3

Your spell library contained the following spells:

 Spells                   Type           Power      Damage    Failure   Level
 Wereblood                Tmut           10%        N/A       24%         2
 Call Canine Familiar     Summ           2%         N/A       73%         3
 Ice Form                 Ice/Tmut       6%         N/A       88%         4
 Leda's Liquefaction      Hex/Erth       1%         N/A       97%         4
 Portal Projectile        Hex/Tloc       Unusable   N/A       N/A         3

Dungeon Overview and Level Annotations

Branches:
Dungeon (4/15)
 Temple: D:4-7

Altars:
Gozag
Makhleb
Nemelex Xobeh
Okawaru
Trog
Wu Jian
Yredelemnul
Zin

Shops:
D:3 *

Annotations:
D:2 Natasha
D:4 exclusion: ogre


Innate Abilities, Weirdness & Mutations

You are a venomous arachnid creature.
You have poisonous fangs.
You are tiny and dextrous.
Your spellcasting is less reliable in this form.
((You have sharp claws.))
((You have razor-sharp teeth.))
You have supernaturally acute eyesight. (SInv)
((You cover ground quickly. (Speed+)))
((You are covered in fur. (AC +1)))
((Your paws help you pounce on unaware monsters.))
You are incapable of wielding weapons or throwing items.
You cannot wear armour.
You gain extra lives every three experience levels.


Message History

Found 5 gold pieces.
A kobold comes into view. It is wielding a +0 dagger.
The kobold shouts!
You grow a pair of large bovine horns.
The kobold throws a stone.
The stone closely misses you.
You lunge at the kobold.
You claw the kobold!
You kill the kobold!
The Council accepts your kill.
b - 173 stones (gained 2)
Things that are here:
a +0 dagger; a kobold corpse You now have 40 gold pieces (gained 5).
Things that are here:
a +0 dagger; a kobold corpse Sorry, I don't know how to get there.
Found a stone staircase leading down.
Your transformation is almost over.
An ogre is nearby!
Press: ? - help, v - describe, . - travel The floor.
Unknown command.
Unknown command.
Unknown command.
Okay, then.
This spell is potentially lethal to cast!
Memorise Spider Form, consuming 3 spell levels and leaving 4?
You start memorising the spell.
You continue memorising. x3
Your horns disappear.
You finish memorising.
Spell assigned to 'b'.
Casting: Beastly Appendage (safe; 6% risk of failure)
Confirm with . or Enter, or press ? or * to list all spells.
The spell is potentially lethal to miscast (32% risk of failure)!
Continue anyway?
Uppercase [Y]es or [N]o only, please.
The spell is potentially lethal to miscast (32% risk of failure)!
Continue anyway?
You turn into a venomous arachnid creature.
You hit the ogre.
The ogre is poisoned.
The ogre is severely wounded.
The ogre hits you with a +0 giant spiked club!!
Ouch! That really hurt!
You die...

#.# ##### ##.#
# ##### #..#
#...# ##.##
#...#####..#
#.........##
#..>####...####
#...# #...)...#
###O##
#.#####......
#..s.# #.
###### #....#
#. #....# #.
#....# #.
#....# #....#
#..... #....#
#....#


You could see an ogre (very poisoned).

Vanquished Creatures
  A howler monkey (D:3)
  An iguana (D:3)
  Ijyb (D:3)
  Robin (D:3)
  An adder (D:4)
  A worm (D:3)
  2 dart slugs
  3 orcs (D:3)
  6 ball pythons
  4 endoplasms
  2 giant cockroaches
  15 goblins
  6 hobgoblins
  3 jackals (D:1)
  7 kobolds
  A quokka (D:3)
  5 bats
  4 rats
  A spectral goblin (D:2)
65 creatures vanquished.

Notes
Turn   | Place    | Note
-------+----------+-------------------------------------------
     0 | D:1      | jimonade the Felid Transmuter began the quest for the Orb.
     0 | D:1      | Reached XP level 1. HP: 9/9 MP: 4/4
   197 | D:1      | Reached XP level 2. HP: 12/12 MP: 4/6
  1811 | D:2      | Noticed Natasha
  1933 | D:2      | Found a faded altar of an unknown god.
  1995 | D:2      | Reached XP level 3. HP: 11/15 MP: 5/7
  2957 | D:3      | Reached skill level 4 in Unarmed Combat
  3193 | D:3      | Reached XP level 4. HP: 19/19 MP: 6/8
  3223 | D:3      | Found an ornate altar of the Wu Jian Council.
  3237 | D:3      | Became a worshipper of the Wu Jian Council
  3251 | D:3      | Found Ulestun's Assorted Antiques.
  3257 | D:3      | Bought a scroll labelled UROMOS YMIEF for 25 gold pieces
  3257 | D:3      | Bought a scroll labelled ORIRRU SUUL for 25 gold pieces
  3571 | D:3      | Noticed Ijyb
  3600 | D:3      | Killed Ijyb
  3602 | D:3      | Reached XP level 5. HP: 11/22 MP: 6/9
  3859 | D:3      | Found a bloodstained altar of Trog.
  3862 | D:3      | Found an opulent altar of Gozag.
  3869 | D:3      | Found a burning altar of Makhleb.
  3872 | D:3      | Found an iron altar of Okawaru.
  3874 | D:3      | Found a glowing silver altar of Zin.
  3879 | D:3      | Found a basalt altar of Yredelemnul.
  4313 | D:3      | Noticed Robin
  4765 | D:3      | Killed Robin
  4831 | D:3      | Found a sparkling altar of Nemelex Xobeh.
  5023 | D:4      | Noticed an ogre
  5265 | D:4      | Mangled by an ogre
  5266 | D:4      | Reached XP level 4. HP: -6/19 MP: 9/9
  5297 | D:4      | Learned a level 3 spell: Spider Form
  5306 | D:4      | Mangled by an ogre

Illustrated notes

Levels and vault maps discovered:
D:1:      amcnicky_arrival_gap_in_the_tavern_cellar, layout_loops_corners,
          hangedman_decor_clover_reticule, hex_medium,
          wad_floor_pattern_untrapped, corexii_corridor_pit
D:2:      layout_basic, dreamdust_ecumenical_altar_drowned_temple, basic_altar,
          uniq_natasha
D:3:      kennysheep_the_goblin_king, layout_loops_ring,
          nicolae_overflow_hallway_of_the_gods, nemelex_spade_bored_becter,
          nzn_wu_jian_contemplation, serial_shops, shop,
          kennysheep_another_room, minmay_checkerbox, uniq_robin
D:4:      layout_rooms

Skill      XL: |  1  2  3  4  5 |
---------------+----------------+-----
Dodging        | 3 |  3.7
Unarmed Combat | 4 |  4.6
Fighting       | 2 |  2.1
Spellcasting   | |  2.7
Transmutations | |  2.9

Action                   |  1- 3 |  4- 6 || total
-------------------------+-------+-------++-------
Melee: Unarmed           |    89 |   102 ||   191
       Headbutt          |    10 |    21 ||    31
       Bite              |     9 |     5 ||    14
       Punch             |     3 |     3 ||     6
 Cast: Beastly Appendage |    29 |    21 ||    50
       Spider Form       |       |     1 ||     1
Invok: Lunge             |       |     8 ||     8
  Use: Potion            |       |     1 ||     1
 Stab: Sleeping          |     4 |       ||     4
Armor: Skin              |     7 |     1 ||     8
Dodge: Dodged            |    74 |    60 ||   134
Block: Other             |     1 |    21 ||    22
       Reflection        |       |     1 ||     1
